 Dungeon Crawl Stone Soup version 0.30.0-29-ga12c61a403 (webtiles) character file.

Game seed: 2569595658787282659

133 safid the Chiller (level 5, -2/58 HPs)
             Began as a Merfolk Ice Elementalist on June 21, 2023.
             Slain by a centaur zombie (4 damage)
             ... in an ossuary.
             The game lasted 00:06:03 (2775 turns).

safid the Chiller (Merfolk Ice Elementalist)        Turns: 2775, Time: 00:06:04

Health: -2/58      AC:  2    Str:  8    XL:     5   Next: 16%
Magic:  4/9        EV: 12    Int: 16    God:
Gold:   144        SH:  0    Dex: 15    Spells: 6/10 levels left

rFire   . . .        c - +0 short sword
rCold   . . .        (no shield)
rNeg    . . .        a - +0 robe
rPois   .            (no helmet)
rElec   .            (no cloak)
rCorr   .            (no gloves)
SInv    .            (no boots)
Will    .....        i - amulet of regeneration Stlth
                     (no ring)
HPRegen 1.09/turn    (no ring)
MPRegen 0.11/turn

%: no passive effects
@: berserking, marked, freezing walls, flying, hasted, very quick
A: (nimble swimmer 2), mertail
a: no special abilities


You were in an ossuary.
You visited 1 branch of the dungeon, and saw 4 of its levels.
You also visited: Ossuary.

You collected 144 gold pieces.

Inventory:

Hand Weapons
 c - a +0 short sword (weapon)
Missiles
 n - a throwing net
 u - 5 curare-tipped darts
Armour
 a - a +0 robe (worn)
Jewellery
 i - an amulet of regeneration (around neck)
Scrolls
 d - a scroll of amnesia {unknown}
 e - 6 scrolls of identify {unknown}
 f - a scroll of teleportation {unknown}
 j - a scroll of fog {unknown}
 l - a scroll of blinking {unknown}
 o - a scroll of noise {unknown}
 p - a scroll of magic mapping {unknown}
 s - a scroll of torment {unknown}
Potions
 b - a potion of magic
 g - a potion of curing {unknown}
 h - 2 potions of flight
 k - 2 potions of haste
 m - a potion of mutation {unknown}
 q - a potion of berserk rage
 r - a potion of lignification {unknown}
 t - a potion of ambrosia {unknown}


   Skills:
 + Level 2.7 Fighting
 - Level 2.6 Dodging
 - Level 2.1 Stealth
 + Level 3.1 Spellcasting
 + Level 5.3 Ice Magic


You had 6 spell levels left.
You knew the following spells:

 Your Spells              Type           Power      Damage    Failure   Level
a - Freeze                Ice            76%        1d8       1%          1
b - Frozen Ramparts       Ice            38%        1d6       6%          3

Your spell library contained the following spells:

 Spells                   Type           Power      Damage    Failure   Level
 Ozocubu's Armour         Ice            19%        N/A       6%          3
 Ensorcelled Hibernation  Hex/Ice        22%        N/A       10%         2
 Blink                    Tloc           4%         N/A       28%         2
 Lesser Beckoning         Tloc           4%         N/A       28%         2
 Momentum Strike          Conj/Tloc      4%         3d8       28%         2
 Passwall                 Tmut/Erth      1%         N/A       28%         2
 Swiftness                Air            2%         N/A       50%         3
 Summon Ice Beast         Ice/Summ       11%        N/A       52%         4


Dungeon Overview and Level Annotations

Branches:
Dungeon (4/15)            Ossuary (1/1)
 Temple: D:4-7

Altars:
Ashenzari
The Shining One


Innate Abilities, Weirdness & Mutations

((You are very nimble when in or above water. (Stealth+, EV+, Speed+++)))
Your lower body shifts to a powerful aquatic tail in water.


Message History

Unknown command.
Unknown command.
Unknown command.
Unknown command.
Unknown command.
Unknown command.
Unknown command.
Unknown command.
You puncture the centaur zombie!
The centaur zombie is almost destroyed.
The adder zombie resists.
The wall freezes the adder zombie.
The centaur zombie completely resists.
The wall freezes the centaur zombie but does no damage.
The centaur zombie misses you. The centaur zombie closely misses you.
The centaur zombie completely resists.
The wall freezes the centaur zombie but does no damage.
The centaur zombie hits you.
* * * LOW HITPOINT WARNING * * *
The centaur zombie barely misses you.
The kobold zombie resists.
The wall freezes the kobold zombie.
The adder zombie resists.
The wall freezes the adder zombie.
The rat zombie resists.
The wall freezes the rat zombie.
The mummy resists.
The wall freezes the mummy.
Unknown command.
Unknown command.
Unknown command.
Unknown command.
Unknown command.
Unknown command.
You hit the centaur zombie.
The centaur zombie is almost destroyed.
The centaur zombie resists.
The wall freezes the centaur zombie.
The centaur zombie hits you.
* * * LOW HITPOINT WARNING * * *
The centaur zombie kicks you but does no damage.
The adder zombie completely resists.
The wall freezes the adder zombie but does no damage.
The centaur zombie completely resists.
The wall freezes the centaur zombie but does no damage.
The centaur zombie hits you.
You die...

######################
#....................#
#....................#
#........8..8........#
#....................#
#...######.^######...#
#...# #.^# #...# #...#
#@^# #...# #...# #ZZ#
#...# #...#


ZZMZZ #...# #...# ##ZZZ... #...# #...# #ZZ.....#...# #...# #.......#...# #...#
#.∩.....#...# #...# ....+####...# #...# #...# You could see a mummy, 2 adder
zombies, a rat zombie, a jackal zombie, a goblin zombie, a hobgoblin zombie, a
kobold zombie, 2 elf zombies and 2 centaur zombies.

Vanquished Creatures
  2 adders
  3 worms
  3 dart slugs
  10 orcs (D:3)
  7 endoplasms
  4 giant cockroaches
  7 goblins
  5 hobgoblins
  4 quokkas
  7 ball pythons
  6 bats
  4 frilled lizards
  12 hobgoblin zombies (Ossuary)
  3 kobolds
  4 kobold zombies (Ossuary)
  4 orc zombies (Ossuary)
  8 rats
93 creatures vanquished.

Notes
Turn   | Place    | Note
-------+----------+-------------------------------------------
     0 | D:1      | safid the Merfolk Ice Elementalist began the quest for the
                  | Orb.
     0 | D:1      | Reached XP level 1. HP: 13/13 MP: 3/3
   234 | D:1      | Reached XP level 2. HP: 8/20 MP: 3/5
   249 | D:1      | Reached skill level 1 in Fighting
   613 | D:1      | Reached XP level 3. HP: 23/26 MP: 6/6
   639 | D:1      | Learned a level 3 spell: Frozen Ramparts
  1152 | D:2      | Reached skill level 5 in Ice Magic
  1237 | D:2      | Reached XP level 4. HP: 33/33 MP: 6/8
  2169 | D:3      | Reached XP level 5. HP: 38/39 MP: 5/9
  2209 | D:3      | Found a broken altar of Ashenzari.
  2221 | D:3      | Found a glowing golden altar of the Shining One.
  2566 | D:4      | Found a sand-covered staircase.
  2573 | Ossuary  | Entered an ossuary
  2775 | Ossuary  | HP: 2/58 [centaur zombie (5)]
  2775 | Ossuary  | Slain by a centaur zombie

Illustrated notes

Levels and vault maps discovered:
D:1:      lemuel_arrival_rhombus, layout_basic, minmay_misc_feat_chi,
          grunt_decor_arrowhead
D:2:      cheibrodos_old_hovel, layout_loops_ring
D:3:      layout_loops_ring, tso_metal_star, cheibrodos_ashenzari_chains,
          minmay_bisected
D:4:      layout_basic, nicolae_ossuary_entry_monument, minmay_misc_feat_x
Ossuary:  ossuary_tomb_1

Skill      XL: |  1  2  3  4 |
---------------+-------------+-----
Fighting       | 1 2 |  2.7
Ice Magic      | 5 |  5.3
Spellcasting   | 3 |  3.1
Dodging        | |  2.6
Stealth        | |  2.1

Action                     |  1- 3 |  4- 6 || total
---------------------------+-------+-------++-------
  Melee: Unarmed           |    11 |       ||    11
         Short sword       |    79 |   195 ||   274
         Punch             |     4 |     2 ||     6
   Cast: Freeze            |    41 |     6 ||    47
         Frozen Ramparts   |       |     6 ||     6
    Use: Potion            |       |     3 ||     3
   Stab: Sleeping          |     2 |     4 ||     6
         Distracted        |       |     1 ||     1
 Armour: Robe              |    26 |    39 ||    65
  Dodge: Dodged            |    82 |   147 ||   229
